 Dungeon Crawl Stone Soup version 0.29-a0-1027-gcd8c55af63 (webtiles) character file.

Game seed: 12307967100958015649

975 leavemydog the Digger (level 8, -2/41 HPs)
             Began as a Gargoyle Earth Elementalist on Aug 12, 2022.
             Was an Initiate of Qazlal.
             Slain by an orc warrior
             ... wielding a +0 scimitar
              (9 damage)
             ... on level 4 of the Dungeon.
             The game lasted 00:10:53 (5337 turns).

leavemydog the Digger (Gargoyle Earth Elementalist) Turns: 5337, Time: 00:10:53

Health: -2/41      AC: 21    Str: 12    XL:     8   Next: 16%
Magic:  0/16       EV: 11    Int: 18    God:    Qazlal [......]
Gold:   218        SH:  0    Dex: 10    Spells: 12/18 levels left

rFire   . . .      SeeInvis .   n - +3 mace (protect)
rCold   . . .      Faith    .   (no shield)
rNeg    + . .      Spirit   .   a - +0 robe
rPois   ∞          Reflect  .   (no helmet)
rElec   +          Harm     .   m - +2 cloak
rCorr   .          Rampage  .   (no gloves)
Will    .....                   (no boots)
Stlth   ++........              (no amulet)
HPRegen 0.13/turn               f - +4 ring of protection
MPRegen 0.15/turn               (no ring)

@: under a protective aura
A: sickness immunity, AC +5, negative energy resistance 1, electricity
resistance, torment resistance 1, petrification resistance
a: Renounce Religion


You were on level 4 of the Dungeon.
You worshipped Qazlal.
Qazlal was noncommittal.
You visited 2 branches of the dungeon, and saw 6 of its levels.

You collected 218 gold pieces.

Inventory:

Hand Weapons
 n - a +3 mace of protection (weapon)
Missiles
 q - a throwing net
Armour
 a - a +0 robe (worn)
 m - a +2 cloak (worn)
 s - quicksilver dragon scales
Jewellery
 f - a +4 ring of protection (left hand)
Wands
 i - a wand of flame (18)
Scrolls
 d - a scroll of enchant armour {unknown}
 e - a scroll of noise {unknown}
 g - a scroll of vulnerability {unknown}
 j - 3 scrolls of teleportation
Potions
 b - 2 potions of magic
 c - 3 potions of flight
 h - a potion of curing
 k - a potion of brilliance
 l - a potion of invisibility {unknown}
 o - a potion of haste {unknown}
 p - a potion of attraction {unknown}
 r - 2 potions of heal wounds {unknown}


   Skills:
 + Level 2.3 Maces & Flails
 - Level 1.5 Dodging
 - Level 2.1 Stealth
 + Level 5.7 Spellcasting
 * Level 2.8 Conjurations
 - Level 0.7 Transmutations
 + Level 7.7 Earth Magic


You had 12 spell levels left.
You knew the following spells:

 Your Spells              Type           Power      Damage    Failure   Level
a - Sandblast             Erth           66%        2d15      1%          1
b - Passwall              Tmut/Erth      16%        N/A       3%          2
c - Stone Arrow           Conj/Erth      48%        3d10      4%          3

Your spell library contained the following spells:

 Spells                   Type           Power      Damage    Failure   Level
 Conjure Flame            Conj/Fire      10%        6-21      21%         3
 Petrify                  Tmut/Erth      20%        N/A       22%         4
 Ignite Poison            Fire/Tmut/Pois 6%         N/A       32%         3
 Sticky Flame             Conj/Fire      10%        2d3       56%         4


Dungeon Overview and Level Annotations

Branches:
Dungeon (5/15)             Temple (1/1) D:4

Altars:
Ashenzari
Cheibriados
Dithmenos
Elyvilon
Fedhas
Gozag
Hepliaklqana
Kikubaaqudgha
Makhleb
Nemelex Xobeh
Qazlal
Sif Muna
Trog
Uskayaw
Xom
Yredelemnul
Zin

Shops:
D:4 (([

Annotations:
D:3 3 runed translucent doors, Tonnatak's ghost, amateur DgWn


Innate Abilities, Weirdness & Mutations

You are immune to sickness and miasma.
Your stone body is resilient. (AC +5)
You are immune to poison.
You resist negative energy. (rN+)
You are resistant to electric shocks. (rElec)
You are resistant to unholy torment.
You are immune to petrification.


Message History

Casting: Stone Arrow (dangerous; 4% risk of failure)
Confirm with . or Enter, or press ? or * to list all spells.
Aiming: Stone Arrow (dangerous; 4% risk of failure)
Press: ? - help, Shift-Dir - straight line, f/p - orc warrior
Aim: an orc warrior, wielding a +0 scimitar and wearing a +0 plate armour (severely wounded, 71% to hit)
The stone arrow misses the orc warrior.
The orc warrior closely misses you.
Casting: Stone Arrow (dangerous; 4% risk of failure)
Confirm with . or Enter, or press ? or * to list all spells.
Aiming: Sandblast (safe; 1% risk of failure)
Press: ? - help, Shift-Dir - straight line, f/p - orc warrior
Aim: an orc warrior, wielding a +0 scimitar and wearing a +0 plate armour (severely wounded, 84% to hit)
The blast of sand hits the orc warrior but does no damage.
The orc warrior is severely wounded.
The orc warrior closely misses you.
The orc warrior hits you but does no damage.
You hit the orc warrior but do no damage.
Your weapon exudes an aura of protection.
The orc warrior is severely wounded.
The orc warrior hits you with a +0 scimitar!
* * * LOW HITPOINT WARNING * * *
You closely miss the orc warrior.
The orc warrior is severely wounded.
The orc warrior hits you but does no damage.
You hit the orc warrior.
The orc warrior is almost dead.
The orc warrior barely misses you. The orc warrior misses you.
You hit the orc warrior but do no damage.
The orc warrior is almost dead.
The orc warrior hits you with a +0 scimitar.
* * * LOW HITPOINT WARNING * * *
Casting: Sandblast (safe; 1% risk of failure)
Confirm with . or Enter, or press ? or * to list all spells.
Aiming: Sandblast (safe; 1% risk of failure)
Press: ? - help, Shift-Dir - straight line, f/p - orc warrior
Aim: an orc warrior, wielding a +0 scimitar and wearing a +0 plate armour (almost dead, 84% to hit)
The blast of sand hits the orc warrior but does no damage.
The orc warrior is almost dead.
The orc warrior hits you but does no damage.
The orc warrior hits you with a +0 scimitar!
You die...

....# #....##.#
..########...)##.### #.#
#.>............# #######
#.###.#####.<.##.#.####.....##
.............#####.#.........##
..#...#####..# #.#...##.##..#
..#.#######..# #......#.#...#
#..........[>#####.##.#.....#.#
#..#######.....o@.....##...##.##
...# #.).....#######....._.....#
#..# #.....### #..##...##..#
##.# #.##### #..#....(#..# #.#
#.# #....#.#....# #.# ###
#...##.##...# ##.# #...........#
...# ##.......#.## ####
##........#


You could see an orc warrior.

Vanquished Creatures
  Sigmund (D:2)
  A water moccasin (D:4)
  An ice beast (D:4)
  A black bear (D:4)
  A necrophage (D:4)
  A scorpion (D:4)
  2 howler monkeys
  A hound (D:4)
  2 orc priests (D:4)
  2 orc wizards (D:4)
  A scorpion zombie (D:3)
  Terence (D:3)
  A hound skeleton (D:3)
  3 adders
  2 ufetubi
  2 worms
  A dart slug (D:1)
  21 orcs
  4 endoplasms
  3 giant cockroaches
  5 goblins
  9 hobgoblins
  3 quokkas
  4 ball pythons
  A ball python zombie (D:3)
  6 bats
  A frilled lizard (D:3)
  4 kobolds
  A quokka skeleton (D:3)
  7 rats
93 creatures vanquished.

Vanquished Creatures (others)
  7 plants (D:5)
  2 withered plants (D:3)
9 creatures vanquished.

Grand Total: 102 creatures vanquished

Notes
Turn   | Place    | Note
-------+----------+-------------------------------------------
     0 | D:1      | leavemydog the Gargoyle Earth Elementalist began the quest
                  | for the Orb.
     0 | D:1      | Reached XP level 1. HP: 10/10 MP: 3/3
   168 | D:1      | Reached skill level 4 in Earth Magic
   303 | D:1      | Reached XP level 2. HP: 15/15 MP: 1/5
   306 | D:1      | Learned a level 2 spell: Passwall
  1357 | D:2      | Reached XP level 3. HP: 19/19 MP: 4/6
  1584 | D:2      | Noticed Sigmund
  1594 | D:2      | Killed Sigmund
  1595 | D:2      | Reached skill level 5 in Earth Magic
  1595 | D:2      | Reached XP level 4. HP: 11/24 MP: 3/9
  1595 | D:2      | Reached XP level 5. HP: 13/28 MP: 3/10
  2234 | D:3      | Reached skill level 6 in Earth Magic
  2303 | D:3      | Found a runed translucent gate.
  2304 | D:3      | Found a runed translucent gate.
  2305 | D:3      | Found a runed translucent gate.
  2306 | D:3      | Identified the +10 dagger "Killer Bee's Doom" {spect, *Slow
                  | Str+4 Dex+7}
  2306 | D:3      | Identified the +1 scale mail "Itij" {MP+9}
  2306 | D:3      | Noticed Tonnatak's ghost (amateur DgWn)
  2408 | D:3      | Reached XP level 6. HP: 32/32 MP: 10/12
  2597 | D:3      | Noticed Terence
  2613 | D:3      | Killed Terence
  3157 | D:3      | Found the +3 crown of Dyrovepreva {rElec Int+2 SInv}
  3184 | D:4      | Found Onnet's Weapon Emporium.
  3281 | D:4      | Found Hudonap's Weapon Emporium.
  3610 | D:4      | Learned a level 3 spell: Stone Arrow
  3836 | D:4      | Reached skill level 1 in Maces & Flails
  3852 | D:4      | Reached XP level 7. HP: 33/36 MP: 9/14
  3908 | D:4      | Found a staircase to the Ecumenical Temple.
  3927 | D:4      | Reached skill level 5 in Spellcasting
  3927 | D:4      | Reached skill level 1 in Conjurations
  3927 | D:4      | Reached skill level 7 in Earth Magic
  3932 | Temple   | Entered the Ecumenical Temple
  4051 | Temple   | Became a worshipper of Qazlal Stormbringer
  4173 | D:4      | Found a shimmering blue altar of Sif Muna.
  4371 | D:4      | Found Idanion's Armour Shop.
  4479 | D:4      | Found a broken altar of Ashenzari.
  4479 | D:4      | Found a basalt altar of Yredelemnul.
  4538 | D:5      | Entered Level 5 of the Dungeon
  4891 | D:5      | Noticed a wyvern
  4906 | D:4      | Reached XP level 8. HP: 22/41 MP: 0/16
  5337 | D:4      | Slain by an orc warrior

Illustrated notes

Levels and vault maps discovered:
D:1:      psy_arrival_radial02, layout_basic, minmay_misc_feat_chi,
          minmay_liquid_box
D:2:      kb_forest_paths, layout_loops_corners, uniq_sigmund
D:3:      layout_loops_ring, biasface_ghost_orc_armoury, serial_undead,
          serial_undead_d, serial_undead_f, serial_undead_e, serial_undead_e,
          uniq_crazy_yiuf_cottage, uniq_terence
D:4:      layout_basic, mainiacjoe_overflow_small_starburst,
          gammafunk_temple_overflow_wave, minmay_temple_entry_stoned_glass,
          serial_shops, nicolae_shop_bloodbath_and_beyond, nicolae_diamond_shop,
          kennysheep_mini
D:5:      layout_rooms, serial_shops, nicolae_square_shop,
          corexii_leaking_fountain, serial_bayou_lagoon_a,
          grunt_decor_arrowhead, minmay_manual_mail
Temple:   nicolae_temple_two_arcs

Skill      XL: |  1  2  3  4  5  6  7 |
---------------+----------------------+-----
Earth Magic    | 4 5 6 7 |  7.7
Spellcasting   | 3 4 5 |  5.7
Maces & Flails | 1 2 |  2.3
Conjurations   | 2 |  2.8
Dodging        | |  1.5
Stealth        | |  2.1
Transmutations | |  0.7

Action                   |  1- 3 |  4- 6 |  7- 9 || total
-------------------------+-------+-------+-------++-------
Melee: Mace              |     5 |    58 |    56 ||   119
       Whip              |     1 |    19 |       ||    20
       Punch             |       |     2 |     2 ||     4
 Cast: Sandblast         |    30 |    59 |    40 ||   129
       Stone Arrow       |       |       |     8 ||     8
  Use: Scroll            |       |     9 |       ||     9
       Potion            |       |       |     1 ||     1
 Stab: Sleeping          |       |     2 |       ||     2
Armor: Robe              |     2 |    85 |    89 ||   176
Dodge: Dodged            |     8 |    99 |   107 ||   214

Table legend: (Time is in decaauts)
 A = Elapsed time spent in this place.
 B = Non-inter-level travel time spent in this place.
 C = Inter-level travel time spent in this place.
 D = Time resting spent in this place.
 E = Time spent auto-exploring this place.
 F = Levels seen in this place.
 G = Mean time per level.
                   A        B        C        D        E       F      G
               +--------+--------+--------+--------+--------+-----+--------+
         Total |   5513 |   5273 |    240 |   1453 |   2987 |   6 |  918.8 |
       Dungeon |   5332 |   5104 |    228 |   1453 |   2826 |   5 | 1066.4 |
        Temple |    180 |    168 |     12 |      0 |    161 |   1 |  180.0 |
               +--------+--------+--------+--------+--------+-----+--------+

Top non-repeatable levels by time:
     D:4: 2030 daAuts
     D:2: 1406 daAuts
     D:3: 993 daAuts
     D:1: 851 daAuts
  Temple: 180 daAuts
     D:5: 51 daAuts
